 Dungeon Crawl Stone Soup version 0.28-a0-653-g7e9dba17c3 (webtiles) character file.

Game seed: 1498625010954303040

201 KoroneIsBestGirl the Chiller (level 5, 0/35 HPs)
             Began as a Barachi Ice Elementalist on Oct 11, 2021.
             Was a Follower of Makhleb.
             Succumbed to a water moccasin's poison
             ... on level 4 of the Dungeon.
             The game lasted 00:05:34 (3872 turns).

KoroneIsBestGirl the Chiller (BaIE)                 Turns: 3872, Time: 00:05:35

Health: 0/35       AC:  2    Str:  9    XL:     5   Next: 79%
Magic:  0/9        EV: 12    Int: 17    God:    Makhleb [*.....]
Gold:   71         SH:  4    Dex: 12    Spells: 6/10 levels left

rFire   . . .      SeeInvis .   b - +0 dagger
rCold   . . .      Faith    .   e - +0 buckler
rNeg    . . .      Spirit   .   a - +0 robe
rPois   .          Reflect  .   (no helmet)
rElec   .          Harm     .   (no cloak)
rCorr   .          Rampage  .   (no gloves)
Will    .....                   (no boots)
Stlth   ++........              (no amulet)
HPRegen 0.11/turn               (no ring)
MPRegen 0.11/turn               (no ring)

@: lethally poisoned (0 -> -16), freezing walls, very slightly contaminated,
slow
A: amphibious, slowness 1, strong legs 1, +LOS
a: Hop, Renounce Religion


You were on level 4 of the Dungeon.
You worshipped Makhleb.
Makhleb was aware of your devotion.
You visited 1 branch of the dungeon, and saw 4 of its levels.

You collected 71 gold pieces.

Inventory:

Hand Weapons
 b - a +0 dagger (weapon)
Armour
 a - a +0 robe (worn)
 e - a +0 buckler (worn)
Jewellery
 h - a ring of flight
Scrolls
 c - 2 scrolls of teleportation {unknown}
 l - 2 scrolls of magic mapping {unknown}
 n - 2 scrolls of identify {unknown}
Potions
 d - a potion of resistance {unknown}
 f - a potion of mutation {unknown}
 g - a potion of heal wounds {unknown}
 i - 2 potions of invisibility {unknown}
 j - a potion of attraction {unknown}
 k - a potion of flight {unknown}
 m - a potion of curing {unknown}


   Skills:
 + Level 3.2 Dodging
 - Level 1.8 Stealth
 * Level 3.0 Shields
 + Level 3.2 Spellcasting
 + Level 6.1 Ice Magic


You had 6 spell levels left.
You knew the following spells:

 Your Spells              Type           Power      Damage    Failure   Level
a - Freeze                Ice            92%        1d10      1%          1
b - Frozen Ramparts       Ice            46%        1d6       4%          3

Your spell library contained the following spells:

 Spells                   Type           Power      Damage    Failure   Level
 Ozocubu's Armour         Ice            23%        N/A       4%          3
 Hailstorm                Conj/Ice       13%        3d5       47%         4
 Gell's Gravitas          Tloc           1%         N/A       50%         3
 Lesser Beckoning         Tloc           2%         N/A       50%         3
 Teleport Other           Tloc           2%         N/A       50%         3


Dungeon Overview and Level Annotations

Branches:
Dungeon (4/15)
 Temple: D:4-7

Altars:
Makhleb

Shops:
D:1 =

Annotations:
D:3 2 transporters, Aneyh's ghost, amateur HuCA


Innate Abilities, Weirdness & Mutations

You are amphibious.
You cover ground slowly.
You can hop short distances.
You have an extended range of vision and can be seen from far away.


Message History

The water moccasin is lightly wounded.
The water moccasin bites you.
You are poisoned.
The water moccasin poisons you!
You freeze the water moccasin!
The water moccasin is heavily wounded.
The water moccasin seems to slow down.
You feel very sick. The water moccasin bites you.
Casting: Freeze (safe; 1% risk of failure)
Confirm with . or Enter, or press ? or * to list all spells.
Casting: Frozen Ramparts (dangerous; 4% risk of failure)
Press: ? - help, Dir - look around, f - activate The walls around you are covered in ice.
You feel very sick.
The wall freezes the water moccasin.
You block the water moccasin's attack.
Casting: Frozen Ramparts (dangerous; 4% risk of failure)
Confirm with . or Enter, or press ? or * to list all spells.
Aiming: Freeze (safe; 1% risk of failure)
Press: ? - help, Shift-Dir - straight line, f - water moccasin
Aim: a water moccasin (severely wounded, slow)
You freeze the water moccasin.
The water moccasin is severely wounded.
The water moccasin seems to slow down.
You feel sick.
The wall freezes the water moccasin.
The water moccasin barely misses you.
Casting: Freeze (safe; 1% risk of failure)
Confirm with . or Enter, or press ? or * to list all spells.
You don't have enough magic to cast this spell.
Unknown command.
You miss the water moccasin.
The water moccasin is almost dead.
You hear the slow rusting of a very distant drain.
You feel sick.
The wall freezes the water moccasin.
The water moccasin bites you.
* * * LOW HITPOINT WARNING * * *
You are more poisoned.
The water moccasin poisons you!
You closely miss the water moccasin.
The water moccasin is almost dead.
You die...

#...... ###..##..
##+## #.............#
#.............#
#......#.#....#
....#...#....###.
####..#.#..........
#......###.........
#......)@S)........
#......###)........
#......# ........#.
#......##........#
##......##..........
......................
#####.................
#.................
#......?...^..###.


You could see a water moccasin (slow).

Vanquished Creatures
  An orc priest (D:4)
  Jessica (D:2)
  2 orc wizards (D:4)
  A gnoll (D:1)
  2 adders
  An adder skeleton (D:2)
  A dart slug (D:2)
  5 orcs (D:4)
  5 ball pythons
  A bat zombie (D:2)
  3 endoplasms
  A giant cockroach (D:3)
  5 goblins
  7 hobgoblins
  5 quokkas
  2 ball python skeletons (D:2)
  A ball python zombie (D:2)
  3 bats
  2 frilled lizards (D:2)
  5 kobolds
  A quokka zombie (D:2)
  5 rats
60 creatures vanquished.

Vanquished Creatures (others)
  22 plants (D:2)
  2 withered plants (D:2)
24 creatures vanquished.

Grand Total: 84 creatures vanquished

Notes
Turn   | Place    | Note
-------+----------+-------------------------------------------
     0 | D:1      | KoroneIsBestGirl the Barachi Ice Elementalist began the
                  | quest for the Orb.
     0 | D:1      | Reached XP level 1. HP: 13/13 MP: 3/3
    25 | D:1      | Reached skill level 5 in Ice Magic
    25 | D:1      | Reached XP level 2. HP: 16/19 MP: 0/5
   394 | D:1      | Found Kiular's Jewellery Emporium.
  1041 | D:1      | Reached XP level 3. HP: 12/24 MP: 3/6
  1126 | D:2      | Noticed Jessica
  1182 | D:2      | Killed Jessica
  1183 | D:2      | Reached skill level 1 in Shields
  1183 | D:2      | Reached XP level 4. HP: 18/30 MP: 3/8
  2142 | D:2      | Found a faded altar of an unknown god.
  2152 | D:2      | Prayed at the altar of an unknown god.
  2152 | D:2      | Became a worshipper of Makhleb the Destroyer
  2152 | D:2      | Reached * piety under Makhleb
  2765 | D:3      | Learned a level 3 spell: Frozen Ramparts
  2791 | D:3      | Found a transporter.
  2797 | D:3      | Noticed Aneyh's ghost (amateur HuCA)
  2829 | D:3      | Found a transporter.
  3691 | D:4      | Reached skill level 6 in Ice Magic
  3691 | D:4      | Reached XP level 5. HP: 20/35 MP: 5/9
  3862 | D:4      | Noticed a water moccasin
  3872 | D:4      | Succumbed to a water moccasin's poison

Illustrated notes

Levels and vault maps discovered:
D:1:      dpeg_chamrin_arrival_tetris, layout_basic, serial_shops,
          nicolae_diamond_shop
D:2:      layout_basic, serial_undead, serial_undead_a, serial_undead_d,
          serial_undead_b, serial_undead_f, shapermc_ecumenical_altar_acropolis,
          kennysheep_big_empty_room, fountainhead, grunt_decor_junction,
          serial_bayou_lagoon_b, uniq_jessica
D:3:      layout_basic, gammafunk_ghost_stat_death
D:4:      layout_basic, cheibrodos_sewer_entry_drain

Skill      XL: |  1  2  3  4  5 |
---------------+----------------+-----
Ice Magic      | 5 6 |  6.1
Shields        | 1 2 3 |  3.0
Spellcasting   | 3 |  3.2
Dodging        | 3 |  3.2
Stealth        | |  1.8

Action                   |  1- 3 |  4- 6 || total
-------------------------+-------+-------++-------
Melee: Dagger            |     8 |    65 ||    73
       Unarmed           |     1 |       ||     1
 Cast: Freeze            |    36 |    34 ||    70
       Frozen Ramparts   |       |     3 ||     3
 Abil: Hop               |       |     1 ||     1
 Stab: Sleeping          |     1 |       ||     1
Armor: Robe              |    10 |    21 ||    31
Dodge: Dodged            |    44 |    58 ||   102
Block: Buckler           |       |     6 ||     6

Table legend: (Time is in decaauts)
 A = Elapsed time spent in this place.
 B = Non-inter-level travel time spent in this place.
 C = Inter-level travel time spent in this place.
 D = Time resting spent in this place.
 E = Time spent auto-exploring this place.
 F = Levels seen in this place.
 G = Mean time per level.
                   A        B        C        D        E       F      G
               +--------+--------+--------+--------+--------+-----+--------+
         Total |   4293 |   4202 |     91 |    407 |   3311 |   4 | 1073.2 |
       Dungeon |   4293 |   4202 |     91 |    407 |   3311 |   4 | 1073.2 |
               +--------+--------+--------+--------+--------+-----+--------+

Top non-repeatable levels by time:
     D:2: 1545 daAuts
     D:1: 1478 daAuts
     D:3: 1065 daAuts
     D:4: 203 daAuts
